 Dungeon Crawl Stone Soup version 0.22-a0-247-gbddf880 (webtiles) character file.

95 b5mith the Skirmisher (level 4, -9/61 HPs)
             Began as a Minotaur Berserker on Feb 27, 2018.
             Was a Believer of Trog.
             Killed from afar by Ijyb (16 damage)
             ... with a wand of acid (7)
             ... on level 3 of the Dungeon.
             The game lasted 00:03:23 (1179 turns).

b5mith the Skirmisher (Minotaur Berserker)          Turns: 1179, Time: 00:03:24

Health: -9/61      AC:  9    Str: 27    XL:     4   Next: 39%
Magic:  3/3        EV:  9    Int:  4    God:    Trog [**....]
Gold:   105        SH:  0    Dex: 10    Spells: 3/3 levels left

rFire    . . .     SeeInvis .   a - +0 falchion
rCold    . . .     Gourm    .   (no shield)
rNeg     . . .     Faith    .   l - +0 chain mail
rPois    .         Spirit   .   (helmet restricted)
rElec    .         Reflect  .   (no cloak)
rCorr    .         Harm     .   (no gloves)
MR       +....                  (no boots)
Stlth    ..........             (no amulet)
HPRegen  0.20/turn              k - ring of protection from magic
MPRegen  0.08/turn              (no ring)

@: berserking, very quick
A: retaliatory headbutt, horns 2
a: Berserk, Trog's Hand, Renounce Religion


You were on level 3 of the Dungeon.
You worshipped Trog.
Trog was pleased with you.
You were hungry.

You visited 1 branch of the dungeon, and saw 3 of its levels.

You collected 105 gold pieces.

Inventory:

Hand Weapons
 a - a +0 falchion (weapon)
Armour
 b - a +0 animal skin
 l - a +0 chain mail (worn)
Jewellery
 k - a ring of protection from magic (left hand)
Wands
 o - a wand of disintegration (9)
Scrolls
 e - a scroll of enchant weapon {unknown}
 f - a scroll of fog {unknown}
 i - a scroll of teleportation {unknown}
 j - 2 scrolls of identify {unknown}
 q - a scroll of amnesia {unknown}
Potions
 d - a potion of flight {unknown}
 g - a potion of invisibility {unknown}
 m - a potion of magic {unknown}
 n - a potion of berserk rage {unknown}
 p - a potion of experience {unknown}
Comestibles
 c - 5 rations
 h - 4 chunks of flesh


   Skills:
 + Level 4.4 Fighting
 + Level 4.4 Long Blades
 + Level 3.5 Armour
 + Level 3.1 Dodging


You had 3 spell levels left.
You didn't know any spells.

Dungeon Overview and Level Annotations

Branches:
Dungeon (3/15)

Altars:

Annotations:
D:3 Ijyb


Innate Abilities, Weirdness & Mutations

You reflexively headbutt those who attack you in melee.
You have a pair of horns on your head.


Message History

You are too injured to fight recklessly!
You are too injured to fight recklessly!
You are too injured to fight recklessly!
A red film seems to cover your vision as you go berserk!
You feel yourself moving faster!
You feel mighty!
You are feeling hungry.
Ijyb hits you but does no damage.
You closely miss Ijyb.
Ijyb is moderately wounded.
You hit Ijyb but do no damage.
Ijyb is moderately wounded.
Ijyb screams, "Me kill you!"
Ijyb zaps a wand.
The bolt of acid hits you!
* * * LOW HITPOINT WARNING * * *
You are splashed with acid!
The acid burns!
* * * LOW HITPOINT WARNING * * *
You slash Ijyb!
Ijyb is severely wounded.
Ijyb zaps a wand.
The bolt of acid hits you!
You die...

#######
......####............#
.........+...........!+
.........#............#
.........#............
.........#...........
...)..#.##.......$.#
.#.##.#.........g..+
.#.##.####......@..#
.#.##............$.#
.#.#...###...%.....##
........###...........#
##.#....# #...........#
####....###...........#
..............>.%..##.#
.####..#.####%.....# .#
.# #...... .......#


You could see Ijyb.

Vanquished Creatures
  2 adders (D:2)
  A worm (D:3)
  2 dart slugs
  4 leopard geckos
  An orc (D:3)
  A ball python (D:1)
  9 bats
  7 giant cockroaches
  7 goblins
  6 hobgoblins
  6 jackals
  6 kobolds
  2 frilled lizards
  3 rats
57 creatures vanquished.

Notes
Turn   | Place    | Note
-------+----------+-------------------------------------------
     0 | D:1      | b5mith the Minotaur Berserker began the quest for the Orb.
     0 | D:1      | Reached XP level 1. HP: 19/19 MP: 0/0
    74 | D:1      | Reached XP level 2. HP: 14/27 MP: 1/1
   392 | D:1      | Reached XP level 3. HP: 25/33 MP: 2/2
   659 | D:2      | Reached ** piety under Trog
   821 | D:2      | Reached XP level 4. HP: 38/41 MP: 3/3
  1170 | D:3      | Noticed Ijyb
  1179 | D:3      | Killed from afar by Ijyb

Vault maps used:
D:1:      lightli_arrival_statuegarden
D:3:      kennysheep_generic_room_14, uniq_ijyb

Skill      XL: |  1  2  3 |
---------------+----------+-----
Fighting       | 4 |  4.4
Long Blades    | 4 |  4.4
Armour         | 3 |  3.5
Dodging        | 3 |  3.1

Action                   |  1- 3 |  4- 6 || total
-------------------------+-------+-------++-------
Melee: Falchion          |    67 |    45 ||   112
       Headbutt          |    13 |     3 ||    16
Invok: Berserk           |     1 |     1 ||     2
 Stab: Sleeping          |     1 |       ||     1
  Eat: Chunk             |     1 |     1 ||     2
Armor: Animal skin       |    25 |       ||    25
       Chain mail        |       |    17 ||    17
Dodge: Dodged            |    50 |    29 ||    79
       Rpst.: Falchion   |    15 |     9 ||    24

Table legend:
 A = Spawn XP
 B = Non-spawn XP
 C = Spawn XP percentage of total XP
 D = Spawn monster count
 E = Non-spawn monster count
 F = Spawn count percentage of total count
 G = Total turns spent on level
                    A         B        C        D         E        F      G
               +---------+---------+-------+---------+---------+-------+---------
         Total |       0 |     136 |   0.0 |       0 |      57 |   0.0 |  1179
               +---------+---------+-------+---------+---------+-------+---------
           D:1 |       0 |      45 |   0.0 |       0 |      26 |   0.0 |   555
           D:2 |       0 |      58 |   0.0 |       0 |      18 |   0.0 |   474
           D:3 |       0 |      33 |   0.0 |       0 |      13 |   0.0 |   150
               +---------+---------+-------+---------+---------+-------+---------
